| TOP OF THE 1ST |
|
Omaha Storm Chasers batting - Pitching for Salt Lake Bees : RHP Allen Weaver
|
|
Pitching: RHP Allen Weaver
|
|
|
Batting: LHB Jim Pankratz
|
0-0: Called Strike 0-1: Called Strike 0-2: Ground out U3 (Groundball, 34, EV 101.9 MPH)
|
|
Batting: RHB Walt Cogswell
|
0-0: Called Strike 0-1: Ground out 6-3 (Groundball, 6, EV 81.2 MPH)
|
|
Batting: RHB Taisei Fujii
|
0-0: Called Strike 0-1: Ball 1-1: Ball 2-1: Ball 3-1: Base on Balls
|
|
Batting: RHB Ken Postlethwaite
|
0-0: Ball 1-0: Called Strike 1-1: Ball 2-1: Foul Ball, location: 2F 2-2: Strikes out swinging
|
| Top of the 1st over - 0 runs, 0 hits, 0 errors, 1 left on base; Omaha 0 - Salt Lake 0 |
| BOTTOM OF THE 1ST |
|
Salt Lake Bees batting - Pitching for Omaha Storm Chasers : RHP Brandon Ferrari
|
|
Pitching: RHP Brandon Ferrari
|
|
|
Batting: LHB Justin Alexander
|
0-0: Foul Ball, location: 2F 0-1: Ball 1-1: Ball 2-1: Swinging Strike 2-2: Strikes out swinging
|
|
Batting: RHB Kian-tat Chen
|
0-0: Ball 1-0: Called Strike 1-1: Ball 2-1: Ground out 4-3 (Groundball, 4, EV 96.2 MPH)
|
|
Batting: RHB Ryan Munro
|
0-0: Ball 1-0: Ball 2-0: Ground out 4-3 (Groundball, 4, EV 79.4 MPH)
|
| Bottom of the 1st over - 0 runs, 0 hits, 0 errors, 0 left on base; Omaha 0 - Salt Lake 0 |
| TOP OF THE 2ND |
|
Omaha Storm Chasers batting - Pitching for Salt Lake Bees : RHP Allen Weaver
|
|
Batting: RHB Danny Weisse
|
0-0: Ball 1-0: Ball 2-0: Ball 3-0: Base on Balls
|
|
Batting: SHB Francisco Gutierrez
|
0-0: Called Strike Danny Weisse steals 2nd base 0-1: Ball 1-1: Ground out 4-3 (Groundball, 4, EV 83.8 MPH) Danny Weisse to third
|
|
Batting: LHB Danny Bailey
|
0-0: Fly out, F8 (Flyball, 8RD, EV 83.8 MPH) Runner from 3rd tags up, SCORES, no throw by CF
|
|
Batting: RHB Yuichi Takata
|
0-0: Called Strike 0-1: Ball 1-1: Foul Ball, location: 2F 1-2: Foul Ball, location: 2F 1-2: Ball 2-2: Fly out, F7 (Flyball, 7D, EV 106.9 MPH)
|
| Top of the 2nd over - 1 run, 0 hits, 0 errors, 0 left on base; Omaha 1 - Salt Lake 0 |
| BOTTOM OF THE 2ND |
|
Salt Lake Bees batting - Pitching for Omaha Storm Chasers : RHP Brandon Ferrari
|
|
Batting: LHB Jonathon Walton
|
0-0: Ball 1-0: Ball 2-0: Foul Ball, location: 2F 2-1: Called Strike 2-2: Foul Ball, location: 2F 2-2: Ground out 4-3 (Groundball, 4, EV 101.2 MPH)
|
|
Batting: RHB Melvin Gomez
|
0-0: Foul Ball, location: 2F 0-1: Foul Ball, location: 2F 0-2: Foul Ball, location: 2F 0-2: Foul Ball, location: 2F 0-2: Ball 1-2: Ground out U3 (Groundball, 3S, EV 65.0 MPH)
|
|
Batting: LHB Brett Bugge
|
0-0: Called Strike 0-1: Fly out, F8 (Flyball, 8LD, EV 94.4 MPH)
|
| Bottom of the 2nd over - 0 runs, 0 hits, 0 errors, 0 left on base; Omaha 1 - Salt Lake 0 |
| TOP OF THE 3RD |
|
Omaha Storm Chasers batting - Pitching for Salt Lake Bees : RHP Allen Weaver
|
|
Batting: RHB Jason Birge
|
0-0: Called Strike 0-1: Ball 1-1: Fly out, F8 (Flyball, 89D, EV 76.9 MPH)
|
|
Batting: LHB Jim Pankratz
|
0-0: Ball 1-0: Swinging Strike 1-1: Foul Ball, location: 2F 1-2: Strikes out swinging
|
|
Batting: RHB Walt Cogswell
|
0-0: TRIPLE (Flyball, 89XD, EV 96.9 MPH)
|
|
Batting: RHB Taisei Fujii
|
0-0: Called Strike 0-1: Ball 1-1: Ball 2-1: Swinging Strike 2-2: Foul Ball, location: 2F 2-2: Hit by Pitch
|
|
Batting: RHB Ken Postlethwaite
|
0-0: Foul Ball, location: 2F 0-1: Fielders Choice at 2nd, 5-4 (Groundball, 56, EV 99.4 MPH)
|
| Top of the 3rd over - 0 runs, 1 hit, 0 errors, 2 left on base; Omaha 1 - Salt Lake 0 |
| BOTTOM OF THE 3RD |
|
Salt Lake Bees batting - Pitching for Omaha Storm Chasers : RHP Brandon Ferrari
|
|
Batting: RHB Jeff Long
|
0-0: Called Strike 0-1: Called Strike 0-2: DOUBLE (Line Drive, 8RXD, EV 96.9 MPH)
|
|
Batting: RHB Brandon Davis
|
0-0: Foul Ball, location: 2F 0-1: Ball 1-1: Called Strike 1-2: Strikes out looking
|
|
Batting: RHB Juan Rosa
|
0-0: Foul Ball, location: 2F 0-1: Hit by Pitch
|
|
Batting: LHB Justin Alexander
|
0-0: Called Strike Jeff Long steals 3rd base 0-1: Reached on error, E4 (Groundball, 4, EV 86.2 MPH) Jeff Long scores Juan Rosa to second
|
|
Batting: RHB Kian-tat Chen
|
0-0: Ball 1-0: Ground out 3-1 (Groundball, 34S, EV 73.8 MPH) Juan Rosa to third Justin Alexander to second
|
|
Batting: RHB Ryan Munro
|
0-0: Swinging Strike 0-1: Foul Ball, location: 2F 0-2: Ball 1-2: Ground out 6-3 (Groundball, 56, EV 92.5 MPH)
|
| Bottom of the 3rd over - 1 run, 1 hit, 1 error, 2 left on base; Omaha 1 - Salt Lake 1 |
| TOP OF THE 4TH |
|
Omaha Storm Chasers batting - Pitching for Salt Lake Bees : RHP Allen Weaver
|
|
Batting: RHB Danny Weisse
|
0-0: Foul Ball, location: 2F 0-1: Fly out, F9 (Line Drive, 9S, EV 109.4 MPH)
|
|
Batting: SHB Francisco Gutierrez
|
0-0: Ball 1-0: Ball 2-0: SINGLE (Flyball, 56D, EV 88.1 MPH)
|
|
Batting: LHB Danny Bailey
|
Pickoff Play to 1st, Runner tries for 2nd, OUT after rundown. 0-0: Ball 1-0: Called Strike 1-1: Swinging Strike 1-2: Ball 2-2: Ground out 6-3 (Groundball, 6M, EV 91.2 MPH)
|
| Top of the 4th over - 0 runs, 1 hit, 0 errors, 0 left on base; Omaha 1 - Salt Lake 1 |
| BOTTOM OF THE 4TH |
|
Salt Lake Bees batting - Pitching for Omaha Storm Chasers : RHP Brandon Ferrari
|
|
Batting: LHB Jonathon Walton
|
0-0: Ground out 1-3 (Groundball, 34S, EV 68.1 MPH)
|
|
Batting: RHB Melvin Gomez
|
0-0: Fly out, F9 (Line Drive, 9, EV 106.9 MPH)
|
|
Batting: LHB Brett Bugge
|
0-0: Ball 1-0: Foul Ball, location: 2F 1-1: Ground out 4-3 (Groundball, 34D, EV 99.4 MPH)
|
| Bottom of the 4th over - 0 runs, 0 hits, 0 errors, 0 left on base; Omaha 1 - Salt Lake 1 |
| TOP OF THE 5TH |
|
Omaha Storm Chasers batting - Pitching for Salt Lake Bees : RHP Allen Weaver
|
|
Batting: RHB Yuichi Takata
|
0-0: Ball 1-0: Ball 2-0: Called Strike 2-1: Ball 3-1: Reached on error, E1 (Groundball, 15S, EV 58.1 MPH)
|
|
Batting: RHB Jason Birge
|
0-0: Ball 1-0: SINGLE (Groundball, 56D, EV 101.2 MPH) Yuichi Takata to third Runner from 3rd tries for Home, SAFE, throw by LF to home
|
|
Batting: LHB Jim Pankratz
|
0-0: Ball 1-0: Swinging Strike 1-1: Foul Ball, location: 2F 1-2: Ground out U3 (Groundball, 34S, EV 67.5 MPH) Jason Birge to second
|
|
Batting: RHB Walt Cogswell
|
0-0: Foul Ball, location: 2F 0-1: Foul Ball, location: 2F 0-2: Fly out, F5 (Popup, 56S, EV 87.5 MPH)
|
|
Batting: RHB Taisei Fujii
|
0-0: Called Strike 0-1: Ball 1-1: Ground out 4-3 (Groundball, 4, EV 92.5 MPH)
|
| Top of the 5th over - 1 run, 1 hit, 1 error, 1 left on base; Omaha 2 - Salt Lake 1 |
| BOTTOM OF THE 5TH |
|
Salt Lake Bees batting - Pitching for Omaha Storm Chasers : RHP Brandon Ferrari
|
|
Pitching: RHP Joe Noonan
|
|
|
Batting: RHB Jeff Long
|
0-0: Foul Ball, location: 2F 0-1: Called Strike 0-2: Ball 1-2: Ball 2-2: Foul Ball, location: 2F 2-2: Fly out, F8 (Flyball, 78M, EV 79.4 MPH)
|
|
Batting: RHB Brandon Davis
|
0-0: Called Strike 0-1: Single, Error in OF, E8, batter to second base (Groundball, 4MD, EV 95.0 MPH)
|
|
Batting: RHB Juan Rosa
|
0-0: Ball 1-0: Ball 2-0: Called Strike Brandon Davis is caught stealing 3rd base 2-5 2-1: Foul Ball, location: 2F 2-2: Strikes out swinging
|
| Bottom of the 5th over - 0 runs, 1 hit, 1 error, 0 left on base; Omaha 2 - Salt Lake 1 |
| TOP OF THE 6TH |
|
Omaha Storm Chasers batting - Pitching for Salt Lake Bees : RHP Allen Weaver
|
|
Batting: RHB Ken Postlethwaite
|
0-0: SINGLE (Groundball, 56, EV 96.9 MPH)
|
|
Batting: RHB Danny Weisse
|
0-0: Ball 1-0: Ball 2-0: Ball 3-0: Base on Balls Ken Postlethwaite to second
|
|
Batting: SHB Francisco Gutierrez
|
0-0: Foul Ball, location: 2F 0-1: Swinging Strike 0-2: Strikes out looking
|
|
Batting: LHB Danny Bailey
|
0-0: SINGLE (Groundball, 6, EV 104.4 MPH) Ken Postlethwaite to third Danny Weisse to second
|
|
Batting: RHB Yuichi Takata
|
0-0: Called Strike 0-1: Foul Ball, location: 2F 0-2: DOUBLE (Line Drive, 8RXD, EV 108.1 MPH) Ken Postlethwaite scores Danny Weisse scores Danny Bailey to third
|
|
Batting: RHB Jason Birge
|
0-0: Swinging Strike 0-1: Foul Ball, location: 2F 0-2: Ball 1-2: Foul Ball, location: 2F 1-2: Ball 2-2: Ground out 4-3 (Groundball, 4, EV 96.9 MPH)
|
|
Batting: LHB Jim Pankratz
|
0-0: Ball 1-0: Ball 2-0: Foul Ball, location: 2F 2-1: Ground out 4-3 (Groundball, 4, EV 87.5 MPH)
|
| Top of the 6th over - 2 runs, 3 hits, 0 errors, 2 left on base; Omaha 4 - Salt Lake 1 |
| BOTTOM OF THE 6TH |
|
Salt Lake Bees batting - Pitching for Omaha Storm Chasers : RHP Joe Noonan
|
|
Batting: LHB Justin Alexander
|
0-0: Ball 1-0: Ball 2-0: Called Strike 2-1: Foul Ball, location: 2F 2-2: Ground out 6-3 (Groundball, 4M, EV 100.6 MPH)
|
|
Batting: RHB Kian-tat Chen
|
0-0: Called Strike 0-1: SINGLE (Line Drive, 34D, EV 103.8 MPH)
|
|
Batting: RHB Ryan Munro
|
0-0: Ball 1-0: Called Strike 1-1: Grounds into double play, 4-6-3 (Groundball, 4MD, EV 80.0 MPH)
|
| Bottom of the 6th over - 0 runs, 1 hit, 0 errors, 0 left on base; Omaha 4 - Salt Lake 1 |
| TOP OF THE 7TH |
|
Omaha Storm Chasers batting - Pitching for Salt Lake Bees : RHP Allen Weaver
|
|
Pitching: RHP Joe Beam
|
|
|
Batting: RHB Walt Cogswell
|
0-0: Called Strike 0-1: SINGLE (Popup, 56D, EV 68.8 MPH)
|
|
Batting: RHB Taisei Fujii
|
0-0: Called Strike 0-1: Ball 1-1: Grounds into double play, 4-6-3 (Groundball, 4, EV 104.4 MPH)
|
|
Batting: RHB Ken Postlethwaite
|
0-0: Called Strike 0-1: Ball 1-1: Fly out, F8 (Flyball, 8RD, EV 98.1 MPH)
|
| Top of the 7th over - 0 runs, 1 hit, 0 errors, 0 left on base; Omaha 4 - Salt Lake 1 |
| BOTTOM OF THE 7TH |
|
Salt Lake Bees batting - Pitching for Omaha Storm Chasers : RHP Joe Noonan
|
|
Pitching: RHP Gan Ts'ong
|
|
|
Batting: LHB Jonathon Walton
|
0-0: Ball 1-0: SINGLE (Groundball, 4S, EV 65.6 MPH) (infield hit)
|
|
Batting: RHB Melvin Gomez
|
0-0: Ball 1-0: Fielders Choice at 2nd, 6-4 (Groundball, 6, EV 84.4 MPH)
|
|
Batting: LHB Brett Bugge
|
0-0: Ball 1-0: Fly out, F8 (Line Drive, 8RD, EV 93.8 MPH) Runner from 1st tags up, SAFE at 2nd
|
|
Batting: RHB Jeff Long
|
0-0: SINGLE (Groundball, 6M, EV 95.6 MPH) (infield hit) Melvin Gomez to third
|
|
Batting: RHB Brandon Davis
|
0-0: Called Strike 0-1: Ball 1-1: Fly out, F9 (Flyball, 9, EV 90.6 MPH)
|
| Bottom of the 7th over - 0 runs, 2 hits, 0 errors, 2 left on base; Omaha 4 - Salt Lake 1 |
| TOP OF THE 8TH |
|
Omaha Storm Chasers batting - Pitching for Salt Lake Bees : RHP Joe Beam
|
|
Pitching: RHP Andrew Tipton
|
|
|
Batting: RHB Danny Weisse
|
0-0: Ball 1-0: Ball 2-0: Foul Ball, location: 2F 2-1: Ball 3-1: Foul Ball, location: 2F 3-2: Base on Balls
|
|
Batting: SHB Francisco Gutierrez
|
0-0: Called Strike 0-1: Ball 1-1: SINGLE (Groundball, 34D, EV 106.2 MPH) Danny Weisse to second Runner from 2nd tries for 3rd, SAFE, throw by RF made to third
|
|
Pinch Runner at 3rd Shigeru Ono:
|
|
|
Batting: LHB Danny Bailey
|
0-0: Swinging Strike 0-1: Swinging Strike 0-2: Fielders Choice at 2nd, 6-4 (Groundball, 6M, EV 103.8 MPH) Shigeru Ono scores
|
|
Batting: RHB Yuichi Takata
|
0-0: Ball 1-0: Foul Ball, location: 2F 1-1: Ball 2-1: SINGLE (Groundball, 4MD, EV 103.1 MPH) Danny Bailey to second
|
|
Batting: RHB Jason Birge
|
0-0: Ball 1-0: Ball 2-0: Called Strike 2-1: Foul Ball, location: 2F 2-2: Ball 3-2: Strikes out swinging
|
|
Batting: LHB Jim Pankratz
|
0-0: Called Strike 0-1: Ball 1-1: Called Strike 1-2: Foul Ball, location: 2F 1-2: Ball 2-2: Foul Ball, location: 2F 2-2: Fielders Choice at 2nd, 5-4 (Groundball, 5, EV 107.5 MPH)
|
| Top of the 8th over - 1 run, 2 hits, 0 errors, 2 left on base; Omaha 5 - Salt Lake 1 |
| BOTTOM OF THE 8TH |
|
Salt Lake Bees batting - Pitching for Omaha Storm Chasers : RHP Gan Ts'ong
|
|
Now in CF: Danny Bailey
|
|
|
Now in RF: Willie Gutierrez
|
|
|
Batting: RHB Juan Rosa
|
0-0: Ball 1-0: Ball 2-0: Ground out 5-3 (Groundball, 5S, EV 65.0 MPH)
|
|
Batting: LHB Justin Alexander
|
0-0: Ball 1-0: Ball 2-0: Ball 3-0: Foul Ball, location: 2F 3-1: Ground out 4-3 (Groundball, 4, EV 94.4 MPH)
|
|
Batting: RHB Kian-tat Chen
|
0-0: Ball 1-0: Swinging Strike 1-1: Ball 2-1: Ball 3-1: Called Strike 3-2: Strikes out looking
|
| Bottom of the 8th over - 0 runs, 0 hits, 0 errors, 0 left on base; Omaha 5 - Salt Lake 1 |
| TOP OF THE 9TH |
|
Omaha Storm Chasers batting - Pitching for Salt Lake Bees : RHP Andrew Tipton
|
|
Pitching: RHP George Rosario
|
|
|
Batting: RHB Walt Cogswell
|
0-0: Ground out 4-3 (Groundball, 4S, EV 78.1 MPH)
|
|
Batting: RHB Taisei Fujii
|
0-0: Fly out, F8 (Flyball, 8LD, EV 108.8 MPH)
|
|
Batting: RHB Ken Postlethwaite
|
0-0: Ground out U3 (Groundball, 34, EV 81.9 MPH)
|
| Top of the 9th over - 0 runs, 0 hits, 0 errors, 0 left on base; Omaha 5 - Salt Lake 1 |
| BOTTOM OF THE 9TH |
|
Salt Lake Bees batting - Pitching for Omaha Storm Chasers : RHP Gan Ts'ong
|
|
Pitching: LHP Francisco de la Torre
|
|
|
Batting: RHB Ryan Munro
|
0-0: Called Strike 0-1: Ball 1-1: Called Strike 1-2: Foul Ball, location: 2F 1-2: Ball 2-2: Strikes out swinging
|
|
Batting: LHB Jonathon Walton
|
0-0: Ball 1-0: Ball 2-0: Ball 3-0: Base on Balls
|
|
Batting: RHB Melvin Gomez
|
0-0: Grounds into double play, 6-4-3 (Groundball, 6S, EV 88.1 MPH)
|
| Bottom of the 9th over - 0 runs, 0 hits, 0 errors, 0 left on base; Omaha 5 - Salt Lake 1 |
|